 Dungeon Crawl Stone Soup version 0.31.0-32-g396128a36d (webtiles) character file.

Game seed: 12839911387324226451

648 demianpwz the Changeling (level 7, -1/57 HPs)
             Began as a Green Draconian Shapeshifter on Apr 8, 2024.
             Incinerated by a bombardier beetle (2 damage)
             ... with a burning spray
             ... on level 6 of the Dungeon on Apr 9, 2024.
             The game lasted 00:19:26 (2670 turns).

demianpwz the Changeling (DrSh)                     Turns: 2670, Time: 00:19:27

Health: -1/57      AC: 13    Str: 19    XL:     7   Next: 27%
Magic:  7/7        EV: 12    Int: 10    God:
Gold:   100        SH:  0    Dex: 10    Spells: 6/6 levels left

rFire   . . .        f - +2 dagger (protect)
rCold   . . .        (no shield)
rNeg    . . .        (body armour unavailable)
rPois   +            (helmet restricted)
rElec   .            (no cloak)
rCorr   .            (no gloves)
SInv    .            (no boots)
Will    .....        (no amulet)
Stlth   +            (no ring)
HPRegen 0.29/turn    (no ring)
MPRegen 0.10/turn

%: no passive effects
@: on fire, under a protective aura, glowing
A: breathe noxious fumes, AC +6, unfitting armour, poison resistance,
cold-blooded
a: Breathe Noxious Fumes


You were on level 6 of the Dungeon.
You visited 1 branch of the dungeon, and saw 6 of its levels.

You collected 100 gold pieces.

Inventory:

Hand Weapons
 f - a +2 dagger of protection (weapon)
Missiles
 e - 6 boomerangs (quivered)
Armour
 l - a +0 ring mail
 n - a +0 plate armour
Talismans
 b - a beast talisman
 c - a flux talisman
Scrolls
 h - 2 scrolls of identify
 o - a scroll of enchant weapon
Potions
 a - 2 potions of lignification
 d - 4 potions of mutation {unknown}
 i - a potion of enlightenment {unknown}
 j - 3 potions of curing {unknown}


   Skills:
 + Level 3.0 Fighting
 + Level 3.7 Short Blades
 + Level 1.1 Throwing
 + Level 4.0 Dodging
 + Level 1.6 Stealth
 + Level 3.4 Unarmed Combat
 + Level 4.5 Shapeshifting


You had 6 spell levels left.
You didn't know any spells.
Your spell library contained the following spells:

 Spells                   Type           Power      Damage    Failure   Level
 Hailstorm                Conj/Ice       0%         3d5       75%         3
 Summon Ice Beast         Ice/Summ       0%         N/A       75%         3
 Sculpt Simulacrum        Ice/Alch       0%         N/A       100%        6


Dungeon Overview and Level Annotations

Branches:
Dungeon (6/15)
 Temple: D:4-7

Altars:
Dithmenos
Makhleb

Shops:
D:4 (

Portals:
Sewer: D:6


Innate Abilities, Weirdness & Mutations

You can breathe blasts of noxious fumes.
Your lurid green scales are hard. (AC +6)
You cannot fit into any form of body armour.
Your system is resistant to poisons. (rPois)
You are cold-blooded and may be slowed by cold attacks.


Message History

The bombardier beetle sprays incendiary fluid at you.
The burning spray hits you.
You are covered in liquid fire!
Your Fighting skill increases to level 3!
You shake off some of the fire as you move.
The liquid fire burns you!
You hit the bombardier beetle.
Your tail-slap misses the bombardier beetle.
The bombardier beetle is moderately wounded.
The liquid fire burns you! The bombardier beetle bites you.
You hit the bombardier beetle.
You punch the bombardier beetle, but do no damage.
The bombardier beetle is moderately wounded.
The liquid fire burns you!
* * * LOW HITPOINT WARNING * * *
You hit the bombardier beetle but do no damage.
The bombardier beetle is moderately wounded.
The liquid fire burns you!
* * * LOW HITPOINT WARNING * * *
The bombardier beetle completely misses you.
You hit the bombardier beetle but do no damage.
Your punch misses the bombardier beetle.
The bombardier beetle is moderately wounded.
The liquid fire burns you!
* * * LOW HITPOINT WARNING * * *
You hit the bombardier beetle but do no damage.
The bombardier beetle is moderately wounded.
The liquid fire burns you!
* * * LOW HITPOINT WARNING * * *
The bombardier beetle bites you but does no damage.
You completely miss the bombardier beetle.
The bombardier beetle is moderately wounded.
The liquid fire burns you!
* * * LOW HITPOINT WARNING * * *
You hit the bombardier beetle but do no damage.
You tail-slap the bombardier beetle.
The bombardier beetle is heavily wounded.
The liquid fire burns you!
You die...

### .. .... ###.### ..
#........ #.....# .l.
#.##.#.....# ##.....## ....
#.?#.#.....##s......... :
...##.........s....#...).##
#.##.[.....................#
#...........# #.####.#######
...#.....####.####.#
#.##....B@........#
#.....######.#############
####.## #...........##. #.#
###########.##. ..# #.##.
#### #.... #####


You could see a bombardier beetle.

Vanquished Creatures
  2 bullfrogs (D:6)
  2 scorpions (D:6)
  A howler monkey (D:6)
  An orc priest (D:5)
  2 jellies
  A sleepcap (D:4)
  2 iguanas
  3 orc wizards
  A river rat (D:6)
  5 adders
  A shadow imp (D:6)
  2 dart slugs
  A ribbon worm (D:6)
  10 orcs
  6 endoplasms
  A giant cockroach (D:1)
  A goblin (D:2)
  3 hobgoblins
  3 jackals
  4 quokkas
  4 ball pythons
  2 bats
  3 frilled lizards
  4 kobolds
  6 rats (D:1)
71 creatures vanquished.

Notes
Turn   | Place    | Note
-------+----------+-------------------------------------------
     0 | D:1      | demianpwz the Draconian Shapeshifter began the quest for
                  | the Orb.
     0 | D:1      | Reached XP level 1. HP: 16/16 MP: 1/1
   364 | D:2      | Reached XP level 2. HP: 23/23 MP: 2/2
   793 | D:2      | Reached XP level 3. HP: 24/28 MP: 3/3
  1073 | D:1      | Found a faded altar of an unknown god.
  1523 | D:4      | Reached skill level 1 in Stealth
  1523 | D:4      | Reached XP level 4. HP: 4/35 MP: 4/4
  1682 | D:4      | Found a shadowy altar of Dithmenos.
  1700 | D:4      | Reached skill level 1 in Short Blades
  1758 | D:4      | Found Rievod's Antique Weapon Boutique.
  1777 | D:5      | Entered Level 5 of the Dungeon
  1825 | D:5      | Reached XP level 5. HP: 34/41 MP: 5/5
  2130 | D:6      | Reached XP level 6. HP: 47/48 MP: 6/6
  2196 | D:6      | Found a glowing drain.
  2384 | D:6      | Your scales start taking on a lurid green colour.
  2384 | D:6      | Reached XP level 7. HP: 56/56 MP: 7/7
  2384 | D:6      | Gained mutation: Your system is resistant to poisons.
                  | (rPois) [Green Draconian growth]
  2389 | D:6      | Reached skill level 1 in Throwing
  2409 | D:6      | Found a burning altar of Makhleb.
  2669 | D:6      | HP: 1/57 [burnt (4)]
  2670 | D:6      | Incinerated by a bombardier beetle

Illustrated notes

Levels and vault maps discovered:
D:1:      saegor_arrival_miasma, layout_basic, chequers_ecumenical_altar_grove,
          minmay_tetromino_s2
D:2:      layout_basic, serial_forest, infiniplex_forest_clump_cross,
          infiniplex_forest_straight_3, infiniplex_forest_lined_corner,
          infiniplex_forest_lined_2, infiniplex_forest_clump_double,
          infiniplex_forest_fountain, infiniplex_forest_lined_room_2,
          infiniplex_forest_side_room, infiniplex_forest_zigzag_1, uniq_natasha
D:3:      layout_basic, uniq_sigmund
D:4:      layout_basic, nicolae_dithmenos_the_darkroom, temple_doors_e,
          serial_shops, shop, minmay_between
D:5:      layout_cave_pools, pdpol_temple_overflow_zin_treasury_gozag_greed,
          nicolae_shop_distant_corner_stores
D:6:      layout_loops_ring, bloody_makhleb, gup_sewer_entry_bowl,
          uniq_eustachio, uniq_maggie

Skill      XL: |  1  2  3  4  5  6  7 |
---------------+----------------------+-----
Dodging        | 2 3 4 |  4.0
Stealth        | 1 |  1.6
Short Blades   | 1 2 3 |  3.7
Shapeshifting  | 4 |  4.5
Fighting       | 2 3 |  3.0
Throwing       | 1 |  1.1
Unarmed Combat | |  3.4

Action                     |  1- 3 |  4- 6 |  7- 9 || total
---------------------------+-------+-------+-------++-------
  Melee: Unarmed           |    11 |       |       ||    11
         Dagger            |   113 |   164 |    57 ||   334
         Tailslap          |     7 |    18 |     9 ||    34
         Punch             |     1 |     1 |     3 ||     5
  Throw: Boomerang         |     3 |     8 |       ||    11
    Use: Scroll            |     3 |     3 |     1 ||     7
   Stab: Sleeping          |     1 |     1 |       ||     2
 Armour: Skin              |    49 |   130 |    39 ||   218
  Dodge: Dodged            |    79 |    85 |    17 ||   181
   Form: Beast             |     1 |       |       ||     1
                           |       |       |     1 ||     1
